 Dungeon Crawl Stone Soup version 0.24.0-123-gd5b16e6ec5 (webtiles) character file.

Game seed: 11388683919137324414, levelgen mode: deterministic

507 Bluestream the Cleaver (level 7, -1/61 HPs)
             Began as a Hill Orc Berserker on Jan 31, 2020.
             Was a Believer of Trog.
             Succumbed to a worker ant's poison
             ... on level 5 of the Dungeon.
             The game lasted 00:06:49 (3597 turns).

Bluestream the Cleaver (Hill Orc Berserker)         Turns: 3597, Time: 00:06:50

Health: -1/61      AC: 20    Str: 22    XL:     7   Next: 18%
Magic:  7/7        EV:  4    Int:  7    God:    Trog [**....]
Gold:   222        SH:  0    Dex: 10    Spells: 6/6 levels left

rFire    . . .     SeeInvis .   a - +1 hand axe
rCold    . . .     Gourm    .   (no shield)
rNeg     . . .     Faith    .   t - +5 plate armour {ponderous}
rPois    .         Spirit   .   (no helmet)
rElec    .         Reflect  .   (no cloak)
rCorr    .         Harm     .   r - +0 pair of gloves
MR       .....                  p - +1 pair of boots
Stlth    ..........             k - amulet of rage
HPRegen  0.20/turn              q - -3 ring of evasion (curse)
MPRegen  0.10/turn              (no ring)

@: lethally poisoned (-1 -> -9), berserk cooldown, slowed, very slow
A: no striking features
a: Berserk, Trog's Hand, Renounce Religion, Evoke Berserk Rage


You were on level 5 of the Dungeon.
You worshipped Trog.
Trog was pleased with you.
You were near starving.

You visited 1 branch of the dungeon, and saw 5 of its levels.

You collected 222 gold pieces.

Inventory:

Hand Weapons
 a - a +1 hand axe (weapon)
Armour
 b - a +0 animal skin
 e - a +0 leather armour
 g - a +0 chain mail
 p - a +1 pair of boots (worn)
 r - a +0 pair of gloves (worn)
 t - a +5 plate armour of ponderousness (worn)
Jewellery
 k - an amulet of rage (around neck)
 q - a cursed -3 ring of evasion (left hand)
Scrolls
 d - 3 scrolls of enchant weapon
 h - 2 scrolls of fog
 l - a scroll of fear
 m - a scroll of identify
 s - a scroll of remove curse {unknown}
Potions
 f - 2 potions of curing
 i - a potion of resistance {unknown}
 j - a potion of heal wounds {unknown}
 n - 2 potions of agility {unknown}
 o - a potion of lignification {unknown}
Comestibles
 c - 9 rations


   Skills:
 * Level 5.3 Fighting
 * Level 8.3 Axes
 + Level 4.2 Armour
 + Level 1.7 Dodging
 + Level 0.2 Stealth


You had 6 spell levels left.
You didn't know any spells.
Your spell library was empty.

Dungeon Overview and Level Annotations

Branches:
Dungeon (5/15)             Temple (0/1) D:4

Altars:
Fedhas
Okawaru
Wu Jian
Zin


Message History

You barely miss the worker ant.
The worker ant is almost dead.
* * * LOW HITPOINT WARNING * * *
You feel sick. The worker ant barely misses you.
You slash the worker ant!
You kill the worker ant!
Trog accepts your kill.
You hit the adder. The adder bites you but does no damage.
You are no longer berserk.
You are exhausted.
You feel yourself slow down.
* * * LOW HITPOINT WARNING * * *
You feel sick.
You see here a worker ant corpse.
You hit the adder.
You kill the adder!
Trog accepts your kill.
* * * LOW HITPOINT WARNING * * *
You feel sick.
You die...

#.#.#####.#
#.........#
###'#######
##...##
##.....##
##.......##
#..........#
+....#...#..
#.†@..###..#(
##....# ...
##...# ..
##.#.. .....#
#...%# ....#
#...#


There were no monsters in sight!

Vanquished Creatures
  An ogre (D:5)
  2 howler monkeys (D:4)
  An orc priest (D:4)
  A hound (D:4)
  An orc wizard (D:4)
  4 worker ants
  A hound zombie (D:5)
  A howler monkey zombie (D:5)
  A gnoll (D:1)
  7 adders
  A worm (D:3)
  5 dart slugs
  3 leopard geckos
  4 orcs (D:4)
  5 bats
  6 giant cockroaches
  2 goblins
  4 hobgoblins
  2 quokkas
  A frilled lizard (D:2)
  3 kobolds
  5 rats
  A bush (D:4)
62 creatures vanquished.

Vanquished Creatures (others)
  A plant (D:4)
1 creature vanquished.

Grand Total: 63 creatures vanquished

Notes
Turn   | Place    | Note
-------+----------+-------------------------------------------
     0 | D:1      | Bluestream the Hill Orc Berserker began the quest for the
                  | Orb.
     0 | D:1      | Reached XP level 1. HP: 19/19 MP: 1/1
   223 | D:1      | Reached XP level 2. HP: 24/27 MP: 2/2
   568 | D:1      | Reached XP level 3. HP: 27/33 MP: 3/3
   956 | D:1      | Reached skill level 5 in Axes
  1457 | D:2      | Reached XP level 4. HP: 41/41 MP: 4/4
  1897 | D:3      | Reached ** piety under Trog
  2219 | D:3      | Found a glowing silver altar of Zin.
  2512 | D:4      | Reached XP level 5. HP: 44/47 MP: 5/5
  2538 | D:4      | Reached skill level 6 in Axes
  2604 | D:4      | Found a staircase to the Ecumenical Temple.
  2784 | D:4      | Reached XP level 6. HP: 50/55 MP: 6/6
  2960 | D:4      | Reached skill level 7 in Axes
  2962 | D:4      | Found an ornate altar of the Wu Jian Council.
  2979 | D:4      | Found an iron altar of Okawaru.
  2979 | D:4      | Found a blossoming altar of Fedhas.
  3353 | D:5      | Entered Level 5 of the Dungeon
  3590 | D:5      | Reached skill level 5 in Fighting
  3590 | D:5      | Reached skill level 8 in Axes
  3590 | D:5      | Reached XP level 7. HP: 7/61 MP: 7/7
  3592 | D:5      | HP: 4/91 [poisoned by a worker ant]
  3595 | D:5      | HP: 1/61 [poisoned by a worker ant]
  3597 | D:5      | Succumbed to a worker ant's poison

Levels and vault maps discovered:
D:1:      erik_arrival_cave_to_civilisation [erik_arrival_cave_to_hall],
          layout_basic, minmay_misc_feat_tiny, minmay_misc_feat_ornament
D:2:      layout_rooms
D:3:      layout_loops_ring, zin_statuary
D:4:      layout_loops_ring, gammafunk_temple_overflow_forgotten,
          minmay_temple_entry_wispy, first_ration
D:5:      layout_loops_corners, ebering_ghost_rock_garden,
          ebering_dispersal_statue_hall, chequers_serial_rivers_micro_e,
          minmay_misc_feat_x, grunt_ministairs_1,
          minmay_fractal_squares_diagonal_5

Skill      XL: |  1  2  3  4  5  6 |
---------------+-------------------+-----
Fighting       | 4 5 |  5.3
Axes           | 5 6 8 |  8.3
Armour         | 3 4 |  4.2
Dodging        | |  1.7
Stealth        | |  0.2

Action                   |  1- 3 |  4- 6 |  7- 9 || total
-------------------------+-------+-------+-------++-------
Melee: Hand axe          |    82 |   239 |     4 ||   325
Invok: Berserk           |       |     2 |       ||     2
  Use: Scroll            |     1 |     6 |       ||     7
  Eat: Chunk             |     2 |     7 |       ||     9
Armor: Leather armour    |     5 |       |       ||     5
       Chain mail        |    20 |    87 |       ||   107
       Plate armour      |       |    16 |     1 ||    17
Dodge: Dodged            |    43 |    51 |     3 ||    97
